 Dungeon Crawl Stone Soup version 0.27.0-1-g7a089689b8 (webtiles) character file.

Game seed: 12525229131136472882

22 Crazydiamond the Insei (level 2, -2/18 HPs)
             Began as an Octopode Transmuter on Aug 16, 2021.
             Slain by an adder (4 damage)
             ... on level 2 of the Dungeon.
             The game lasted 00:02:13 (1560 turns).

Crazydiamond the Insei (Octopode Transmuter)        Turns: 1560, Time: 00:02:13

Health: -2/18      AC:  1    Str:  9    XL:     2   Next: 91%
Magic:  4/5        EV: 13    Int: 15    God:
Gold:   66         SH:  0    Dex: 12    Spells: 4/5 levels left

rFire    . . .     SeeInvis .     - Unarmed
rCold    . . .     Faith    .   (no shield)
rNeg     . . .     Spirit   .   (helmet currently unavailable)
rPois    .         Reflect  .   (no amulet)
rElec    .         Harm     .   (no ring)
rCorr    .         Rampage  .   (no ring)
Will     .....                  (no ring)
Stlth    ++........             (no ring)
HPRegen  0.06/turn              (no ring)
MPRegen  0.09/turn              (no ring)
                                (no ring)
                                (no ring)

@: lethally poisoned (-2 -> -11), appendages
A: tentacle spike 3, almost no armour, amphibious, 8 rings, camouflage 1,
gelatinous body 1, (nimble swimmer 1), tentacles
a: End Transformation


You were on level 2 of the Dungeon.
One of your tentacles had grown a beastly spike.
You visited 1 branch of the dungeon, and saw 2 of its levels.

You collected 66 gold pieces.

Inventory:

Missiles
 b - 14 poisoned darts (quivered)
Scrolls
 c - a scroll of noise {unknown}
 e - 2 scrolls of identify {unknown}
 f - a scroll of blinking {unknown}
 h - a scroll of enchant weapon {unknown}
 i - a scroll of teleportation {unknown}
 j - a scroll of enchant armour {unknown}
Potions
 a - a potion of ambrosia {unknown}
 d - a potion of berserk rage {unknown}
 g - a potion of might {unknown}
 k - a potion of flight {unknown}


   Skills:
 + Level 1.0 Fighting
 + Level 2.1 Dodging
 + Level 0.7 Stealth
 + Level 3.4 Unarmed Combat
 + Level 2.2 Spellcasting
 + Level 2.3 Transmutations


You had 4 spell levels left.
You knew the following spells:

 Your Spells              Type           Power      Damage    Failure   Level
a - Beastly Appendage     Tmut           16%        N/A       9%          1

Your spell library contained the following spells:

 Spells                   Type           Power      Damage    Failure   Level
 Wereblood                Tmut           8%         N/A       13%         2
 Ensorcelled Hibernation  Hex/Ice        2%         N/A       32%         2
 Spider Form              Tmut/Pois      2%         N/A       38%         3
 Ice Form                 Ice/Tmut       5%         N/A       80%         4
 Shadow Creatures         Summ           N/A        N/A       100%        6
 Malign Gateway           Summ/Tloc      0%         N/A       100%        7
 Summon Horrible Things   Summ           0%         N/A       100%        8


Dungeon Overview and Level Annotations

Branches:
Dungeon (2/15)

Altars:


Innate Abilities, Weirdness & Mutations

One of your tentacles has grown a beastly spike.
You cannot wear most types of armour.
You are amphibious.
You can wear up to eight rings at the same time.
Your skin changes colour to match your surroundings (Stealth+).
Your rubbery body absorbs attacks. (AC +1, EV +1)
((You are camouflaged near water. (Stealth+)))
You have tentacles for arms and can constrict up to eight enemies at once.


Message History

You pick up a Grand Grimoire and begin reading...
You add the spells Malign Gateway and Summon Horrible Things to your library.
You now have 66 gold pieces (gained 6).
There is an open door here.
k - a ruby potion You open the door.
There is an open door here.
There is a fountain of clear blue water here.
There is an open door here.
Found a chain mail.
An adder comes into view.
The adder hisses angrily.
Casting: Beastly Appendage (safe; 9% risk of failure)
Confirm with . or Enter, or press ? or * to list all spells.
One of your tentacles grows a vicious spike.
You tentacle-slap the adder but do no damage.
Your grab misses the adder. The adder barely misses you.
You barely miss the adder. Your grab misses the adder.
Your tentacle spike misses the adder.
Your squeeze misses the adder. The adder bites you.
You are poisoned.
The adder poisons you!
You closely miss the adder. Your grab misses the adder.
Your tentacle spike misses the adder.
You tentacle-slap the adder.
The adder is moderately wounded.
You feel sick. The adder bites you.
You are lethally poisoned!
The adder poisons you!
You tentacle-slap the adder but do no damage.
Your grab misses the adder.
You pierce the adder, but do no damage.
The adder is moderately wounded.
* * * LOW HITPOINT WARNING * * *
You feel very sick. The adder closely misses you. The adder barely misses you.
You closely miss the adder. You grab the adder.
The adder is moderately wounded.
You constrict the adder.
* * * LOW HITPOINT WARNING * * *
You feel sick. The adder bites you.
You die...

#.# +.+ #.#.... #####.#
#.# #.#.[.#
....#.####.##+#†#...#
....#...........#...#
....#.####.##'#.#...#
#####.#..'.+..#.#...#
....# #⌠.#.#..#.#...#
#####.####.####.#S#.......
#####...........@.###.....
....############### ....
##### ... .. .


You could see an adder.

Vanquished Creatures
  A worm (D:2)
  3 endoplasms
  A giant cockroach (D:1)
  3 goblins (D:2)
  A quokka (D:1)
  2 ball pythons (D:2)
  A bat (D:2)
  2 frilled lizards (D:1)
  3 kobolds
  2 rats
19 creatures vanquished.

Notes
Turn   | Place    | Note
-------+----------+-------------------------------------------
     0 | D:1      | Crazydiamond the Octopode Transmuter began the quest for
                  | the Orb.
     0 | D:1      | Reached XP level 1. HP: 13/13 MP: 3/3
   439 | D:1      | Reached XP level 2. HP: 17/18 MP: 5/5
  1560 | D:2      | Slain by an adder

Illustrated notes

Levels and vault maps discovered:
D:1:      giann_forest_graveyard, layout_basic, minmay_misc_feat_pillars
D:2:      minmay_door_path, layout_rooms

Action                   || total
-------------------------++-------
Melee: Unarmed           ||    55
       Constrict         ||    10
       Tentacles         ||     9
       Kick              ||     3
       Punch             ||     2
 Cast: Beastly Appendage ||     3
 Stab: Sleeping          ||     5
Armor: Skin              ||     4
Dodge: Dodged            ||    27
